 Dungeon Crawl Stone Soup version 0.30-a0-469-g84de5afbc5 (webtiles) character file.

Game seed: 2486437866224189032

495 snetch the Chopper (level 7, -2/61 HPs)
             Began as a Hill Orc Fighter on Dec 19, 2022.
             Was an Initiate of Beogh.
             Slain by Maggie
             ... wielding a +1 scimitar of flaming
              (5 damage)
             ... on level 6 of the Dungeon.
             The game lasted 00:09:30 (3152 turns).

snetch the Chopper (Hill Orc Fighter)               Turns: 3152, Time: 00:09:31

Health: -2/61      AC: 18    Str: 21    XL:     7   Next: 15%
Magic:  7/7        EV:  7    Int:  8    God:    Beogh [......]
Gold:   252        SH:  4    Dex: 10    Spells: 6/6 levels left

rFire   . . .      SeeInvis .    b - +3 flail (protect)
rCold   . . .      Faith    .    c - +0 buckler
rNeg    . . .      Spirit   .    y - +0 chain mail
rPois   .          Reflect  .    (no helmet)
rElec   .          Harm     .    (no cloak)
rCorr   .          Rampage  .    (no gloves)
Will    .....                    p - +0 pair of boots
Stlth   ..........               k - amulet of regeneration
HPRegen 1.10/turn                (no ring)
MPRegen 0.10/turn                (no ring)

@: under a protective aura, mesmerised
A: no striking features
a: Renounce Religion


You were on level 6 of the Dungeon.
You worshipped Beogh.
Beogh was noncommittal.
You visited 1 branch of the dungeon, and saw 6 of its levels.

You collected 252 gold pieces.

Inventory:

Hand Weapons
 a - a +0 war axe
 b - a +3 flail of protection (weapon)
Missiles
 g - 17 stones
 i - 12 poisoned darts (quivered)
Armour
 c - a +0 buckler (worn)
 p - a +0 pair of boots (worn)
 y - a +0 chain mail (worn)
Jewellery
 k - an amulet of regeneration (around neck)
 n - an amulet of magic regeneration
Scrolls
 d - a scroll of noise {unknown}
 h - a scroll of blinking {unknown}
 s - 3 scrolls of identify {unknown}
 u - 2 scrolls of vulnerability {unknown}
 v - 2 scrolls of fog {unknown}
 w - a scroll of fear {unknown}
Potions
 e - a potion of ambrosia {unknown}
 f - a potion of resistance {unknown}
 j - a potion of haste {unknown}
 l - 3 potions of degeneration {unknown}
 m - a potion of heal wounds {unknown}
 o - 2 potions of lignification {unknown}
 q - a potion of flight {unknown}
 r - 2 potions of curing {unknown}
 t - a potion of brilliance {unknown}
 x - a potion of invisibility {unknown}
 z - a potion of might


   Skills:
 + Level 5.5 Fighting
 + Level 5.9 Axes
 + Level 0.7 Throwing
 + Level 5.2 Armour
 + Level 0.6 Dodging
 + Level 0.1 Stealth
 + Level 4.3 Shields


You had 6 spell levels left.
You didn't know any spells.
Your spell library contained the following spells:

 Spells                   Type           Power      Damage    Failure   Level
 Necrotise                Necr           0%         1d4       99%         1
 Sandblast                Erth           0%         2d4       99%         1
 Slow                     Hex            0%         N/A       99%         1
 Passwall                 Tmut/Erth      0%         N/A       100%        2
 Confusing Touch          Hex            0%         N/A       100%        3
 Stone Arrow              Conj/Erth      0%         3d7       100%        3
 Vampiric Draining        Necr           0%         2d6       100%        3
 Agony                    Necr           0%         N/A       100%        5
 Conjure Ball Lightning   Conj/Air       0%         3x3d7     100%        6
 Discord                  Hex            0%         N/A       100%        8
 Disjunction              Tloc           0%         N/A       100%        8


Dungeon Overview and Level Annotations

Branches:
Dungeon (6/15)
 Temple: D:4-7

Altars:
Sif Muna
Yredelemnul

Shops:
D:4 :

Annotations:
D:6 Maggie


Message History

You closely miss Maggie.
Maggie is lightly wounded.
Maggie hits you but does no damage.
You closely miss Maggie.
Maggie is lightly wounded.
Maggie hits you with a +1 scimitar of flaming.
Maggie burns you.
You closely miss Maggie.
Maggie is lightly wounded.
Maggie barely misses you.
You barely miss Maggie.
Maggie is lightly wounded.
Maggie hits you with a +1 scimitar of flaming.
Maggie burns you.
Maggie hits you with a +1 scimitar of flaming.
* * * LOW HITPOINT WARNING * * *
Maggie burns you.
* * * LOW HITPOINT WARNING * * *
You sock Maggie!
Your weapon exudes an aura of protection.
Maggie is moderately wounded.
Maggie casts a spell.
Maggie attempts to bespell you!
You are mesmerised by Maggie!
Unknown command.
You thump Maggie!
Maggie is heavily wounded.
Maggie hits you but does no damage.
You hit Maggie.
Maggie is heavily wounded.
Maggie hits you but does no damage.
You hit Maggie.
Maggie is severely wounded.
Maggie hits you with a +1 scimitar of flaming.
Maggie burns you.
* * * LOW HITPOINT WARNING * * *
Maggie hits you with a +1 scimitar of flaming!
* * * LOW HITPOINT WARNING * * *
Maggie burns you.
You die...

## #. .
.######### ...
#........#
....####........#
.......@........#
....#.@.........#
.........<...###
.......$..<..#
.###.........#
#.........#
#.........#
##=......##
.........


You could see Maggie (mesmerising).

Vanquished Creatures
  Duvessa (D:4)
  A necrophage (D:4)
  Dowan (D:4)
  2 iguanas (D:4)
  2 hound zombies (D:3)
  10 gnolls
  3 adders
  An ufetubus (D:4)
  A worm (D:2)
  2 dart slugs
  4 orcs
  7 ball pythons
  11 endoplasms
  2 giant cockroaches (D:2)
  6 goblins
  4 hobgoblins
  4 jackals (D:2)
  A quokka (D:2)
  4 bats
  2 frilled lizards (D:2)
  5 kobolds
  2 rats
76 creatures vanquished.

Vanquished Creatures (others)
  3 orcs (D:4)
  A goblin (D:4)
4 creatures vanquished.

Grand Total: 80 creatures vanquished

Notes
Turn   | Place    | Note
-------+----------+-------------------------------------------
     0 | D:1      | snetch the Hill Orc Fighter began the quest for the Orb.
     0 | D:1      | Reached XP level 1. HP: 19/19 MP: 1/1
   195 | D:1      | Reached XP level 2. HP: 14/27 MP: 2/2
   687 | D:3      | Reached XP level 3. HP: 25/33 MP: 3/3
   902 | D:2      | Reached XP level 4. HP: 41/41 MP: 4/4
  1605 | D:2      | Found a faded altar of an unknown god.
  1723 | D:3      | HP: 1/41 [gnoll/+0 spear (5)]
  1849 | D:3      | Reached XP level 5. HP: 47/47 MP: 5/5
  1862 | D:3      | Found a basalt altar of Yredelemnul.
  2071 | D:4      | Became a worshipper of Beogh the Brigand
  2084 | D:4      | Reached XP level 6. HP: 52/53 MP: 6/6
  2266 | D:4      | Noticed Dowan
  2268 | D:4      | Noticed Duvessa
  2293 | D:4      | Killed Duvessa
  2294 | D:4      | Reached skill level 5 in Axes
  2294 | D:4      | Reached skill level 5 in Armour
  2296 | D:4      | Killed Dowan
  2297 | D:4      | Reached skill level 5 in Fighting
  2309 | D:5      | Entered Level 5 of the Dungeon
  2370 | D:4      | Found Wunnuest's Tremendous Tomes.
  2748 | D:4      | Reached XP level 7. HP: 61/61 MP: 7/7
  3095 | D:5      | Found a shimmering blue altar of Sif Muna.
  3138 | D:6      | Noticed Maggie
  3152 | D:6      | HP: 3/61 [Maggie/+1 scimitar of flaming (15)]
  3152 | D:6      | Slain by Maggie

Illustrated notes

Levels and vault maps discovered:
D:1:      nzn_arrival_depleted_hourglass, layout_rooms, st_stairs_11
D:2:      layout_loops_corners, hellmonk_ecumenical_altar_inner_sanctum
D:3:      layout_rooms, lemuel_zombie_altar_yredelemnul
D:4:      layout_basic, nicolae_shop_i_like_big_books,
          kennysheep_generic_room_7, uniq_duvessa
D:5:      layout_basic, mainiacjoe_overflow_boulevard, lemuel_tele_altar,
          kennysheep_boxes
D:6:      layout_rooms, serial_shops, nicolae_shop_hallway_plus, shop,
          nicolae_shop_hallway_stairs, nicolae_shop_stone,
          nicolae_shop_temple_entry_statues_fountains, gup_sewer_entry_glass,
          uniq_maggie

Skill      XL: |  1  2  3  4  5  6 |
---------------+-------------------+-----
Fighting       | 4 5 |  5.5
Armour         | 4 5 |  5.2
Axes           | 3 4 5 |  5.9
Shields        | 4 |  4.3
Throwing       | |  0.7
Dodging        | |  0.6
Stealth        | |  0.1

Action                   |  1- 3 |  4- 6 |  7- 9 || total
-------------------------+-------+-------+-------++-------
Melee: War axe           |    63 |   166 |    14 ||   243
       Flail             |       |       |    12 ||    12
Throw: Dart              |       |     8 |       ||     8
       Stone             |       |     1 |       ||     1
Invok: Convert to Beogh  |       |     1 |       ||     1
  Use: Potion            |       |     1 |       ||     1
Armor: Scale mail        |    27 |    88 |       ||   115
       Chain mail        |       |       |    17 ||    17
Dodge: Dodged            |    40 |   101 |     8 ||   149
Block: Buckler           |    22 |    40 |     8 ||    70

Table legend: (Time is in decaauts)
 A = Elapsed time spent in this place.
 B = Non-inter-level travel time spent in this place.
 C = Inter-level travel time spent in this place.
 D = Time resting spent in this place.
 E = Time spent auto-exploring this place.
 F = Levels seen in this place.
 G = Mean time per level.
                   A        B        C        D        E       F      G
               +--------+--------+--------+--------+--------+-----+--------+
         Total |   3249 |   3096 |    153 |     97 |   1894 |   6 |  541.5 |
       Dungeon |   3249 |   3096 |    153 |     97 |   1894 |   6 |  541.5 |
               +--------+--------+--------+--------+--------+-----+--------+

Top non-repeatable levels by time:
     D:2: 1100 daAuts
     D:4: 849 daAuts
     D:1: 637 daAuts
     D:3: 541 daAuts
     D:5: 104 daAuts
     D:6: 16 daAuts
